 Dungeon Crawl Stone Soup version 0.25-a0-513-ge77a69270c (webtiles) character file.

Game seed: 8612014651546731599, levelgen mode: deterministic

27 ICC the Sneak (level 2, 13/19 HPs)
             Began as a Vampire Venom Mage on Feb 16, 2020.
             Quit the game on level 2 of the Dungeon.
             The game lasted 00:03:14 (191 turns).

ICC the Sneak (Vampire Venom Mage)                   Turns: 191, Time: 00:03:14

Health: 13/19      AC:  2    Str:  7    XL:     2   Next: 93%
Magic:  2/6        EV: 12    Int: 17    God:
Gold:   5          SH:  0    Dex: 14    Spells: 4/7 levels left

rFire    . . .     SeeInvis +   (no weapon)
rCold    . . .     Gourm    .   (no shield)
rNeg     . . .     Faith    .   a - +0 robe
rPois    .         Spirit   .   (no helmet)
rElec    .         Reflect  .   (no cloak)
rCorr    .         Harm     .   (no gloves)
MR       .....                  (no boots)
Stlth    ++........             (no amulet)
HPRegen  0.26/turn              (no ring)
MPRegen  0.10/turn              (no ring)

@: regenerating quickly
A: no food, fangs 3, see invisible, unbreathing
a: Exsanguinate


You were on level 2 of the Dungeon.
You were alive.

You visited 1 branch of the dungeon, and saw 2 of its levels.

You collected 5 gold pieces.

Inventory:

Armour
 a - a +0 robe (worn)
Scrolls
 b - a scroll of identify {unknown}


   Skills:
 + Level 2.1 Dodging
 + Level 3.3 Stealth
 + Level 3.1 Spellcasting
 + Level 1.1 Transmutations
 + Level 2.7 Poison Magic


You had 4 spell levels left.
You knew the following spells:

 Your Spells              Type           Power        Failure   Level  Hunger
a - Sting                 Tmut/Pois      #...         8%          1    N/A
b - Poisonous Vapours     Pois/Air       #.....       16%         2    N/A

Your spell library contained the following spells:

 Spells                   Type           Power        Failure   Level  Hunger
 Ignite Poison            Fire/Tmut/Pois #.......     30%         3    N/A
 Mephitic Cloud           Conj/Pois/Air  #.......     34%         3    N/A
 Olgreb's Toxic Radiance  Pois           ##......     50%         4    N/A

Dungeon Overview and Level Annotations

Branches:
Dungeon (1/15)

Altars:


Innate Abilities, Weirdness & Mutations

You do not eat.
Your natural rate of healing is unusually fast.
You have razor-sharp teeth.
You have supernaturally acute eyesight. (SInv)
You can survive without breathing.


Message History

The worm is too close now for your liking.
Casting: Sting (safe; 8% risk of failure)
Confirm with . or Enter, or press ? or * to list all spells.
Aiming: Sting (safe; 8% risk of failure)
Press: ? - help, Shift-Dir - straight line, f/p - worm
Aim: a worm (heavily wounded)
The sting hits the worm.
The worm is poisoned.
The worm is severely wounded.
You hit the worm but do no damage.
The worm is almost dead.
The worm bites you!
You barely miss the worm.
The worm is almost dead.
You kill the worm!
You see here an adder corpse.
You start resting.
Your magical contamination has completely faded away.
Are you sure you want to abandon this character and quit the game? (Confirm with "yes".)
Okay, then.
Are you sure you want to abandon this character and quit the game? (Confirm with "yes".)

... #)# #.#
#.############..
###
#.#.............
...
#.#.##.#.######
#.####.#.##.#.#
#...##...@†.#.#
###>..##.####.#
#...#.##.####.#
#.#.w.##......#
#...w############
#.##. #. #. #.


There were no monsters in sight!

Vanquished Creatures
  2 adders (D:2)
  2 worms (D:2)
  A ball python (D:1)
5 creatures vanquished.

Notes
Turn   | Place    | Note
-------+----------+-------------------------------------------
     0 | D:1      | ICC the Vampire Venom Mage began the quest for the Orb.
     0 | D:1      | Reached XP level 1. HP: 13/13 MP: 3/3
    47 | D:1      | You fall into a shaft and drop 1 floor!
    58 | D:2      | Reached XP level 2. HP: 19/19 MP: 2/5
   106 | D:2      | Learned a level 2 spell: Poisonous Vapours
   191 | D:2      | Quit the game

Levels and vault maps discovered:
D:1:      lightli_arrival_quake, layout_basic
D:2:      layout_loops_cross, lemuel_round_altar, kennysheep_nub,
          corner_web_ring, minmay_misc_feat_ornament, uniq_terence

Skill      XL: |  1  2 |
---------------+-------+-----
Spellcasting   | 3 |  3.1
Dodging        | |  2.1
Stealth        | |  3.3
Transmutations | |  1.1
Poison Magic   | |  2.7

Action                   || total
-------------------------++-------
Melee: Unarmed           ||     8
       Bite              ||     1
 Cast: Sting             ||    12
Armor: Robe              ||     1
Dodge: Dodged            ||     4

Table legend:
 A = Non-vault XP
 B = Vault XP
 C = Vault XP percentage of total XP
 D = Non-vault monster count
 E = Vault monster count
 F = Vault count percentage of total count
                 A         B        C        D         E       F
            +---------+---------+-------+---------+---------+-------
      Total |      39 |       0 |   0.0 |       5 |       0 |   0.0
            +---------+---------+-------+---------+---------+-------
        D:1 |       2 |       0 |   0.0 |       1 |       0 |   0.0
        D:2 |      37 |       0 |   0.0 |       4 |       0 |   0.0
            +---------+---------+-------+---------+---------+-------
